 Dungeon Crawl Stone Soup version 0.17-a0-1504-gb7d9117 (webtiles) character file.

658 urechis the Basher (level 7, -5/76 HPs)
             Began as an Ogre Gladiator on July 9, 2015.
             Slain by an orc
             ... wielding a +0 hand axe
              (8 damage)
             ... on level 4 of the Dungeon.
             The game lasted 00:08:10 (3865 turns).

urechis the Basher (Ogre Gladiator)                 Turns: 3865, Time: 00:08:10

Health: -5/76      AC:  3    Str: 30    XL:     7   Next: 55%
Magic:  7/7        EV:  8    Int:  7    God:
Gold:   246        SH:  0    Dex: 10    Spells: 0 memorised, 6 levels left

rFire  . . .     SeeInvis .     b - +0 whip (elec)
rCold  . . .     Clarity  .     r - +0 robe
rNeg   . . .     SustAt   .     (no shield)
rPois  .         Gourm    .     (helmet restricted)
rElec  .         Spirit   .     (no cloak)
rCorr  .         Warding  .     (gloves unavailable)
rMut   .         Stasis   .     (boots unavailable)
MR     .....                    (no amulet)
Stlth  +.........               q - +2 ring of strength
                                n - -2 ring of evasion (curse)

@: mighty, hasted and slowed, not resistant to hostile enchantments, very
unstealthy
A: unfitting armour, tough skin 1
a: no special abilities


You were on level 4 of the Dungeon.
You were hungry.

You visited 1 branch of the dungeon, and saw 4 of its levels.

You collected 246 gold pieces.

Inventory:

Hand weapons
 a - a +0 flail
 b - a +0 whip of electrocution (weapon)
Missiles
 e - 3 throwing nets
 l - 6 poisoned needles
 z - 2 large rocks (quivered)
 A - 3 tomahawks
 E - a tomahawk of dispersal
Armour
 r - a +0 robe (worn)
Jewellery
 n - a cursed -2 ring of evasion (left hand)
 q - a +2 ring of strength (right hand)
 w - an uncursed amulet of resist mutation {unknown}
Magical devices
 t - a wand of slowing (20)
 C - a wand of slowing (11)
Scrolls
 c - 3 scrolls of recharging
 f - 2 scrolls of teleportation
 j - a scroll of fog {unknown}
 v - 2 scrolls of fear {unknown}
 x - a scroll of immolation {unknown}
 y - 4 scrolls of random uselessness {unknown}
 D - 3 scrolls of identify
 F - a scroll of magic mapping {unknown}
Potions
 h - a potion of cure mutation {unknown}
 i - a potion of haste
 k - 2 potions of might
 m - 2 potions of agility {unknown}
 o - 2 potions of curing {unknown}
 s - 4 potions of resistance {unknown}
 u - a potion of flight {unknown}
 B - a potion of lignification {unknown}
 H - a potion of brilliance {unknown}
Comestibles
 d - 3 bread rations
 g - 3 meat rations
 p - 2 fruits


   Skills:
 + Level 6.6 Fighting
 * Level 9.4 Maces & Flails
 - Level 2.1 Throwing
 - Level 2.6 Dodging


You had 6 spell levels left.
You didn't know any spells.

Dungeon Overview and Level Annotations

Branches:
Dungeon (4/15)
 Temple: D:4-7

Altars:


Innate Abilities, Weirdness & Mutations

You are too large for most types of armour.
You have tough skin (AC +1).


Message History

The orc hits you from afar with a trident.
* * * LOW HITPOINT WARNING * * *
The orc wizard gestures wildly while chanting.
The orc wizard blinks!
You hit something but do no damage. Something hits you.
* * * LOW HITPOINT WARNING * * *
The orc hits you with a hand axe.
* * * LOW HITPOINT WARNING * * *
You whack something!
There is a sudden explosion of sparks!
Reactivating autopickup.
You feel a bit more experienced.
The orc hits you from afar with a trident.
* * * LOW HITPOINT WARNING * * *
Drink which item? (? for menu, Esc to quit)
It was a potion of haste.
You feel yourself speed up. The orc barely misses you.
The orc hits you from afar with a trident.
* * * LOW HITPOINT WARNING * * *
The orc hits you with a hand axe!
You die...

##. #.## #..$..# ..
....#.....# ##
#..#.#.....### ..
#.#....#.........
................. ##.
#.#...........(o. .....
....#..#.o...oo. ##...
#.#.#..#o#....#
.....####.#.#..#@#....#
..........#.##.#o#....###
#..#............ยง).......
#..#..###.####...........
#..#..###.# #..........##
..........# ##.........#
#..#..###.#####..#.....#
.................#.......
...#..###.#.###..........


You could see 3 orcs.

Vanquished Creatures
  Sigmund (D:3)
  Edmund (D:4)
  A scorpion (D:4)
  An orc priest (D:3)
  4 orc wizards (D:4)
  7 adders
  3 gnolls (D:2)
  An ooze (D:2)
  2 worms
  2 giant geckos (D:3)
  15 orcs
  12 bats
  7 hobgoblins
  13 jackals
  8 kobolds
  2 quokkas
  A ball python (D:4)
  3 giant newts
  8 goblins
  8 rats
100 creatures vanquished.

Notes
Turn   | Place    | Note
--------------------------------------------------------------
     0 | D:1      | urechis the Ogre Gladiator began the quest for the Orb.
     0 | D:1      | Reached XP level 1. HP: 22/22 MP: 1/1
   173 | D:1      | Reached XP level 2. HP: 21/31 MP: 2/2
   728 | D:2      | Reached skill level 5 in Maces & Flails
   731 | D:2      | Reached XP level 3. HP: 14/37 MP: 3/3
  1125 | D:2      | Reached XP level 4. HP: 33/48 MP: 4/4
  1599 | D:2      | Reached skill level 6 in Maces & Flails
  1894 | D:3      | Reached XP level 5. HP: 43/55 MP: 5/5
  2001 | D:3      | Noticed Sigmund
  2452 | D:3      | Reached skill level 7 in Maces & Flails
  2639 | D:3      | Reached skill level 5 in Fighting
  2901 | D:3      | Killed Sigmund
  2901 | D:3      | Reached skill level 8 in Maces & Flails
  2901 | D:3      | Reached XP level 6. HP: 51/67 MP: 6/6
  3442 | D:4      | Noticed Edmund
  3451 | D:4      | Killed Edmund
  3451 | D:4      | Reached XP level 7. HP: 70/75 MP: 7/7
  3452 | D:4      | Reached skill level 9 in Maces & Flails
  3864 | D:4      | HP: 3/76 [orc/trident (1)]
  3865 | D:4      | Slain by an orc

Vault maps used:
D:1:      mrwooster_arrival_statue_3
D:2:      first_bread, st_stairs_12
D:3:      dk_noncrumbling_4, uniq_sigmund
D:4:      uniq_edmund

Action                   |  1- 3 |  4- 6 |  7- 9 || total
-------------------------+-------+-------+-------++-------
Melee: Flail             |   101 |    13 |       ||   114
       Whip              |       |   199 |    79 ||   278
Throw: Large rock        |       |     4 |       ||     4
       Tomahawk          |       |     3 |       ||     3
  Use: Scroll            |       |     2 |       ||     2
       Potion            |       |       |     2 ||     2
  Eat: Chunk             |       |     8 |     1 ||     9
